 Dungeon Crawl Stone Soup version 0.28.0-53-g5a82cb258f (webtiles) character file.

Game seed: 3563270419927527899

141 Jexx the Covered (level 5, -5/41 HPs)
             Began as a Human Fighter on July 8, 2022.
             Killed by nerve-wracking pain
             ... invoked by an orc priest
              (12 damage)
             ... on level 4 of the Dungeon on July 27, 2022.
             The game lasted 00:46:57 (4221 turns).

Jexx the Covered (Human Fighter)                    Turns: 4221, Time: 00:46:57

Health: -5/41      AC:  8    Str: 16    XL:     5   Next: 48%
Magic:  5/5        EV:  9    Int:  8    God:
Gold:   246        SH:  0    Dex: 15    Spells: 4/4 levels left

rFire   . . .      SeeInvis .   D - +5 sword of Power {vorpal}
rCold   . . .      Faith    .   (shield currently unavailable)
rNeg    . . .      Spirit   .   b - +0 scale mail
rPois   .          Reflect  .   J - +0 helmet
rElec   .          Harm     .   (no cloak)
rCorr   .          Rampage  .   (no gloves)
Will    .....                   (no boots)
Stlth   ..........              (no amulet)
HPRegen 0.13/turn               (no ring)
MPRegen 0.09/turn               (no ring)

@: no status effects
A: no striking features
a: no special abilities


You were on level 4 of the Dungeon.
You visited 1 branch of the dungeon, and saw 4 of its levels.

You collected 246 gold pieces.

Inventory:

Hand Weapons
 a - a +0 long sword
 h - a +0 hunting sling
 i - a +0 club
 k - a +0 short sword
 m - a +0 quarterstaff
 n - a +0 dagger
 p - a +0 dagger
 q - a +0 dagger
 s - a +0 dagger
 t - a +0 short sword
 z - a +0 short sword
 D - the +5 sword of Power (weapon) {vorpal}
   (You found it on level 3 of the Dungeon)

   It inflicts extra damage upon your enemies.
   It occasionally discharges a powerful but inaccurate bolt of energy upon
   striking a foe, with increased chance the greater the wielder's current
   health.
 E - a +0 club
 F - a +0 club
 H - a +2 dagger of venom
 L - a +0 club
 M - a +0 club
 N - a +0 hunting sling
 O - a +0 club
 P - a +0 short sword
 Q - a +0 dagger
 R - a +0 hand axe
Missiles
 l - 16 arrows
 v - 53 stones (quivered)
 y - 48 bolts
 G - 2 poisoned darts
 I - 3 boomerangs
Armour
 b - a +0 scale mail (worn)
 c - a +0 buckler
 f - a +0 ring mail
 j - a +0 leather armour
 J - a +0 helmet (worn)
 K - a +0 ring mail
 S - a +0 robe
Jewellery
 B - a ring of flight
Scrolls
 g - 2 scrolls of teleportation {unknown}
 r - a scroll of noise {unknown}
 w - a scroll of fog {unknown}
 x - 4 scrolls of identify {unknown}
 C - a scroll of vulnerability {unknown}
 T - a scroll of enchant weapon {unknown}
Potions
 d - a potion of might
 e - 3 potions of curing {unknown}
 o - a potion of brilliance {unknown}
 u - a potion of invisibility {unknown}
 A - 2 potions of heal wounds {unknown}


   Skills:
 + Level 3.4 Fighting
 + Level 3.0 Long Blades
 + Level 4.1 Armour
 + Level 0.4 Dodging
 + Level 0.1 Stealth
 + Level 3.8 Shields


You had 4 spell levels left.
You didn't know any spells.
Your spell library contained the following spells:

 Spells                   Type           Power      Damage    Failure   Level
 Animate Skeleton         Necr           0%         N/A       83%         1
 Pain                     Necr           0%         1d4       83%         1
 Sandblast                Erth           0%         2d4       83%         1
 Passwall                 Tmut/Erth      0%         N/A       92%         2
 Confusing Touch          Hex            0%         N/A       99%         3
 Stone Arrow              Conj/Erth      0%         3d7       99%         3
 Vampiric Draining        Necr           0%         2d6       99%         3
 Yara's Violent Unravell  Hex/Tmut       0%         3d3       100%        5
 Enfeeble                 Hex            0%         N/A       100%        7


Dungeon Overview and Level Annotations

Branches:
Dungeon (4/15)
 Temple: D:4-7

Altars:
Dithmenos


Message History

v - 53 stones (gained 10)
An orc comes into view. It is wielding a +0 club.
The orc shouts!
An orc comes into view. It is wielding a +0 dagger.
The orc shouts!
You hear a shout!
An orc comes into view. It is wielding a +0 club.
The orc shouts!
You hear a shout!
An orc comes into view. It is wielding a +0 club.
You slice the orc!!
You kill the orc!
An orc priest comes into view. It is wielding a +0 dagger.
You closely miss the orc.
The orc priest shouts!
The orc completely misses you.
You barely miss the orc. The orc hits you with a +0 dagger. The orc misses you.
The orc hits you with a +0 dagger.
You slash the orc!
You kill the orc!
The orc misses you.
The orc priest calls down the wrath of Beogh upon you.
Beogh smites you!
You slash the orc!
You kill the orc!
The orc hits you but does no damage. x2
You hit the orc.
The orc is moderately wounded.
The orc barely misses you.
The orc priest calls upon Beogh to heal the orc.
The orc's wounds heal themselves!
You slash the orc!
You kill the orc!
The orc priest invokes the aid of Beogh against you.
Beogh smites you!
The orc priest invokes the aid of Beogh against you.
Beogh smites you!
* * * LOW HITPOINT WARNING * * *
You barely miss the orc priest.
The orc priest invokes the aid of Beogh against you.
Pain shoots through your body!
You die...

#.....+
#.....#
#.....#
+.....#
#.....#
#.....#
#.....#
#.....#
######@....#
#.....o....#
#.....)....#
#......)...#
............#
............#
............#
.......######
......


You could see an orc priest.

Vanquished Creatures
  An iguana (D:4)
  An orc wizard (D:3)
  An adder (D:2)
  2 worms (D:2)
  3 dart slugs
  6 orcs
  4 bats
  2 endoplasms
  6 giant cockroaches
  7 goblins
  3 hobgoblins
  4 jackals (D:3)
  A quokka (D:2)
  6 ball pythons
  6 frilled lizards
  2 kobolds
  7 rats
62 creatures vanquished.

Vanquished Creatures (others)
  14 fungi (D:2)
  2 toadstools (D:2)
16 creatures vanquished.

Grand Total: 78 creatures vanquished

Notes
Turn   | Place    | Note
-------+----------+-------------------------------------------
     0 | D:1      | Jexx the Human Fighter began the quest for the Orb.
     0 | D:1      | Reached XP level 1. HP: 18/18 MP: 1/1
   391 | D:1      | Reached XP level 2. HP: 24/24 MP: 2/2
   654 | D:1      | Reached XP level 3. HP: 27/29 MP: 3/3
  2377 | D:2      | Reached XP level 4. HP: 14/35 MP: 4/4
  2943 | D:3      | Found the +5 sword of Power {vorpal}
  2946 | D:3      | Found a shadowy altar of Dithmenos.
  3982 | D:3      | Reached XP level 5. HP: 36/41 MP: 5/5
  4157 | D:4      | Reached skill level 4 in Armour
  4221 | D:4      | Killed from afar by an orc priest

Illustrated notes

Levels and vault maps discovered:
D:1:      dpeg_arrival_boxes_within_box, layout_basic, minmay_worlds_worst_comb
D:2:      layout_rooms, hex_medium, kennysheep_cross_bottleneck,
          minmay_gold_behind_fungi
D:3:      layout_basic, lemuel_doored_altar
D:4:      layout_gridville, serial_shops, shop

Skill      XL: |  1  2  3  4  5 |
---------------+----------------+-----
Long Blades    | 3 |  3.0
Armour         | 4 |  4.1
Fighting       | |  3.4
Dodging        | |  0.4
Stealth        | |  0.1
Shields        | |  3.8

Action                   |  1- 3 |  4- 6 || total
-------------------------+-------+-------++-------
Melee: Long sword        |   141 |    55 ||   196
       Great sword       |       |    23 ||    23
Armor: Scale mail        |    53 |    53 ||   106
Dodge: Dodged            |    37 |    53 ||    90
Block: Buckler           |    26 |    18 ||    44
